 Dungeon Crawl Stone Soup version 0.29-a0-23-ga79f92ac9c (webtiles) character file.

Game seed: 7094242123343881950

102 Gargoyl the Skirmisher (level 4, 0/41 HPs)
             Began as a Gnoll Abyssal Knight on Jan 30, 2022.
             Was a Believer of Lugonu.
             Hit by a goblin thrown by Robin (2 damage)
             ... on level 4 of the Dungeon.
             The game lasted 00:04:19 (2763 turns).

Gargoyl the Skirmisher (Gnoll Abyssal Knight)       Turns: 2763, Time: 00:04:19

Health: 0/41       AC:  8    Str: 14    XL:     4   Next: 78%
Magic:  6/7        EV: 10    Int: 10    God:    Lugonu [**....]
Gold:   39         SH:  0    Dex: 12    Spells: 5/5 levels left

rFire   . . .      SeeInvis .   a - +1 hand axe
rCold   . . .      Faith    .   (no shield)
rNeg    . . .      Spirit   .   d - +0 scale mail
rPois   .          Reflect  .   (no helmet)
rElec   .          Harm     .   (no cloak)
rCorr   .          Rampage  .   f - +0 pair of gloves {Stlth+}
Will    .....                   (no boots)
Stlth   +.........              (no amulet)
HPRegen 0.13/turn               (no ring)
MPRegen 0.10/turn               (no ring)

@: about to teleport, hasted, very quick
A: fangs 1, strong nose, distributed training
a: Renounce Religion, Depart the Abyss, Bend Space


You were on level 4 of the Dungeon.
You worshipped Lugonu.
Lugonu was pleased with you.
You visited 1 branch of the dungeon, and saw 4 of its levels.
You visited the Abyss 1 time.

You collected 39 gold pieces.

Inventory:

Hand Weapons
 a - a +1 hand axe (weapon)
 j - a +0 war axe
Missiles
 g - 6 poisoned darts (quivered)
Armour
 d - a +0 scale mail (worn)
 f - a +0 pair of gloves of stealth (worn)
Jewellery
 e - a ring of positive energy
Scrolls
 b - a scroll of teleportation
 k - a scroll of magic mapping {unknown}
Potions
 h - a potion of brilliance


   Skills:
 + Level 6.6 Fighting
 + Level 1.2 Short Blades
 + Level 1.2 Long Blades
 + Level 4.7 Axes
 + Level 1.2 Maces & Flails
 + Level 1.2 Polearms
 + Level 1.2 Staves
 + Level 1.2 Slings
 + Level 1.2 Bows
 + Level 1.2 Crossbows
 + Level 1.2 Throwing
 + Level 4.7 Armour
 + Level 2.8 Dodging
 + Level 1.2 Stealth
 + Level 1.2 Shields
 + Level 1.2 Unarmed Combat
 + Level 1.2 Spellcasting
 + Level 1.0 Conjurations
 + Level 1.0 Hexes
 + Level 1.0 Summonings
 + Level 1.0 Necromancy
 + Level 1.0 Translocations
 + Level 1.0 Transmutations
 + Level 1.0 Fire Magic
 + Level 1.0 Ice Magic
 + Level 1.0 Air Magic
 + Level 1.0 Earth Magic
 + Level 1.0 Poison Magic
 + Level 4.7 Invocations
 + Level 1.2 Evocations


You had 5 spell levels left.
You didn't know any spells.
Your spell library contained the following spells:

 Spells                   Type           Power      Damage    Failure   Level
 Slow                     Hex            8%         N/A       63%         1
 Confusing Touch          Hex            2%         N/A       94%         3
 Vampiric Draining        Necr           2%         2d6       94%         3


Dungeon Overview and Level Annotations

Branches:
Dungeon (4/15)
 Temple: D:4-7

Altars:

Shops:
D:1 (([([

Annotations:
D:4 Menkaure, Robin


Innate Abilities, Weirdness & Mutations

You have very sharp teeth.
Your uncanny sense of smell can sniff out nearby items.
Your experience applies equally to all skills.


Message History

The iguana closely misses you.
You barely miss the iguana.
The iguana is moderately wounded.
The iguana bites you.
* * * LOW HITPOINT WARNING * * *
You hit the iguana but do no damage. Your bite misses the iguana.
The iguana is moderately wounded.
The iguana misses you.
You feel better. The iguana bites you.
* * * LOW HITPOINT WARNING * * *
Okay, then.
Space bends around you!
You blink.
You feel yourself speed up.
There is an escape hatch in the floor here.
You slide downwards.
The hatch slams shut behind you.
You hear the hiss of flowing sand.
There is an entrance to an ossuary on this level.
Hurry and find it before the portal is buried!
Menkaure shouts!
The goblin shouts! x2; You hear a shout!
Found a hand axe and a club.
Okay, then.
As you read the scroll of teleportation, it crumbles to dust.
You feel strangely unstable.
The goblin shouts!
You hear a shout!
A hobgoblin comes into view.
Found a scroll labelled IXZAENTEUMA.
The hobgoblin shouts!
You hear a shout!
A goblin comes into view. It is wielding a +0 dagger.
A hobgoblin comes into view.
A goblin comes into view. It is wielding a +0 dagger.
A hobgoblin comes into view.
Robin and a goblin come into view.
Found a pair of gloves.
Robin shouts!
The goblin shouts!
A goblin comes into view. It is wielding a +0 club.
An adder comes into view.
The hobgoblin shouts!
Menkaure casts a spell at you.
You barely resist.
Found 13 gold pieces.
Robin throws the goblin at you!
You die...

#......# #....).#
#......##
#.......#
#.....M.#
#.......##
#........#
#g.......#
#.@..J.g..#
#...S.....g.g..#
####.......ggg..#
#........g....#
##....?..g.g...
#........g..[.
##...........
##....$...#


You could see Menkaure, a jelly, Robin, an adder, 3 hobgoblins and 7 goblins.

Vanquished Creatures
  2 adders
  2 worms (D:2)
  4 dart slugs
  An endoplasm (D:1)
  A giant cockroach (D:1)
  7 goblins
  8 hobgoblins
  2 jackals (D:1)
  7 kobolds
  A quokka (D:1)
  10 ball pythons
  5 bats
  9 frilled lizards
  13 rats
72 creatures vanquished.

Notes
Turn   | Place    | Note
-------+----------+-------------------------------------------
     0 | Abyss:1  | Gargoyl the Gnoll Abyssal Knight began the quest for the
                  | Orb.
     0 | Abyss:1  | Reached XP level 1. HP: 23/23 MP: 3/3
    27 | Abyss:1  | Found a corrupted altar of Lugonu.
    67 | Abyss:1  | Noticed a chaos spawn
    68 | D:1      | Escaped the Abyss
    89 | D:1      | Found Wuibb's Weapon Shoppe.
   206 | D:1      | Found Kinuishru's Antique Armour Shop.
   276 | D:1      | Found Jeotok's Antique Armour Emporium.
   284 | D:1      | Reached * piety under Lugonu
   285 | D:1      | Reached XP level 2. HP: 29/29 MP: 5/5
   342 | D:1      | Found Zoduag Foi's Weapon Shop.
   793 | D:1      | Found Kyva's Weapon Boutique.
   848 | D:1      | Reached XP level 3. HP: 35/35 MP: 6/6
  1256 | D:2      | Reached ** piety under Lugonu
  1543 | D:2      | Reached skill level 1 in Short Blades
  1543 | D:2      | Reached skill level 1 in Long Blades
  1543 | D:2      | Reached skill level 1 in Maces & Flails
  1543 | D:2      | Reached skill level 1 in Polearms
  1543 | D:2      | Reached skill level 1 in Staves
  1543 | D:2      | Reached skill level 1 in Slings
  1543 | D:2      | Reached skill level 1 in Bows
  1543 | D:2      | Reached skill level 1 in Crossbows
  1543 | D:2      | Reached skill level 1 in Throwing
  1543 | D:2      | Reached skill level 1 in Stealth
  1543 | D:2      | Reached skill level 1 in Shields
  1543 | D:2      | Reached skill level 1 in Unarmed Combat
  1543 | D:2      | Reached skill level 1 in Spellcasting
  1543 | D:2      | Reached skill level 1 in Evocations
  1916 | D:2      | Reached XP level 4. HP: 41/41 MP: 7/7
  2548 | D:3      | Reached skill level 1 in Conjurations
  2548 | D:3      | Reached skill level 1 in Hexes
  2548 | D:3      | Reached skill level 1 in Summonings
  2548 | D:3      | Reached skill level 1 in Necromancy
  2548 | D:3      | Reached skill level 1 in Translocations
  2548 | D:3      | Reached skill level 1 in Transmutations
  2548 | D:3      | Reached skill level 1 in Fire Magic
  2548 | D:3      | Reached skill level 1 in Ice Magic
  2548 | D:3      | Reached skill level 1 in Air Magic
  2548 | D:3      | Reached skill level 1 in Earth Magic
  2548 | D:3      | Reached skill level 1 in Poison Magic
  2758 | D:4      | Noticed Menkaure
  2761 | D:4      | Noticed Robin
  2763 | D:4      | Hit by a goblin thrown by Robin

Illustrated notes

Levels and vault maps discovered:
D:1:      lightli_molten_gateway, layout_loops_corners, serial_shops,
          nicolae_shop_behind_doors, nicolae_shop_bloodbath_and_beyond,
          nicolae_shop_temple_entry_statues_fountains, shop_statue, shop,
          minmay_lizard_pond
D:2:      layout_basic, hex_intersection, minmay_hexomino_c4
D:3:      minmay_roachtagon, layout_basic, gammafunk_ghost_split,
          minmay_fountain_box, st_stairs_11, skrybe_limestone_x,
          grunt_ministairs_9, minmay_misc_feat_rugged
D:4:      layout_cave_pods, kiku_gazebo_garden_becter, enter_ossuary_5,
          uniq_menkaure, uniq_robin, uniq_ijyb, uniq_eustachio, uniq_grinder

Skill      XL: |  1  2  3  4 |
---------------+-------------+-----
Short Blades   | 1 |  1.2
Long Blades    | 1 |  1.2
Maces & Flails | 1 |  1.2
Polearms       | 1 |  1.2
Staves         | 1 |  1.2
Slings         | 1 |  1.2
Bows           | 1 |  1.2
Crossbows      | 1 |  1.2
Throwing       | 1 |  1.2
Stealth        | 1 |  1.2
Shields        | 1 |  1.2
Unarmed Combat | 1 |  1.2
Spellcasting   | 1 |  1.2
Evocations     | 1 |  1.2
Conjurations   | 1 |  1.0
Hexes          | 1 |  1.0
Summonings     | 1 |  1.0
Necromancy     | 1 |  1.0
Translocations | 1 |  1.0
Transmutations | 1 |  1.0
Fire Magic     | 1 |  1.0
Ice Magic      | 1 |  1.0
Air Magic      | 1 |  1.0
Earth Magic    | 1 |  1.0
Poison Magic   | 1 |  1.0
Fighting       | |  6.6
Axes           | |  4.7
Armour         | |  4.7
Dodging        | |  2.8
Invocations    | |  4.7

Action                   |  1- 3 |  4- 6 || total
-------------------------+-------+-------++-------
Melee: Hand axe          |   124 |    67 ||   191
       Bite              |    12 |     7 ||    19
       Punch             |     2 |     3 ||     5
Invok: Depart the Abyss  |     1 |       ||     1
       Bend Space        |       |     1 ||     1
  Use: Scroll            |     1 |     7 ||     8
       Potion            |       |     2 ||     2
Armor: Scale mail        |    58 |    32 ||    90
       Leather armour    |     1 |       ||     1
Dodge: Dodged            |    55 |    53 ||   108

Table legend: (Time is in decaauts)
 A = Elapsed time spent in this place.
 B = Non-inter-level travel time spent in this place.
 C = Inter-level travel time spent in this place.
 D = Time resting spent in this place.
 E = Time spent auto-exploring this place.
 F = Levels seen in this place.
 G = Mean time per level.
                   A        B        C        D        E       F      G
               +--------+--------+--------+--------+--------+-----+--------+
         Total |   2773 |   2726 |     47 |      0 |   2141 |   5 |  554.6 |
       Dungeon |   2705 |   2658 |     47 |      0 |   2075 |   4 |  676.2 |
         Abyss |     68 |     68 |      0 |      0 |     66 |   1 |   68.0 |
               +--------+--------+--------+--------+--------+-----+--------+

Top non-repeatable levels by time:
     D:2: 1340 daAuts
     D:1: 1143 daAuts
     D:3: 219 daAuts
 Abyss:1: 68 daAuts
     D:4: 3 daAuts
